 Dungeon Sprint DCSS version 0.21-a0-47-g7c8f537 (webtiles) character file.

9597 Kidiri the Thrower (level 11, -25/122 HPs)
             Began as a Troll Hunter on June 8, 2017.
             Was an Elder of Wu Jian.
             Annihilated by an ettin
             ... wielding a +0 dire flail
              (39 damage)
             ... in the Dungeon (Sprint IX: "|||||||||||||||||||||||||||||").
             The game lasted 00:12:22 (2425 turns).

Kidiri the Thrower (Troll Hunter)                   Turns: 2425, Time: 00:12:24

Health: -25/122    AC:  8    Str: 22    XL:     11   Next: 25%
Magic:  13/13      EV: 19    Int:  7    God:    Wu Jian [****..]
Gold:   1280       SH:  0    Dex: 19    Spells: 10/10 levels left

rFire    . . .     SeeInvis .     - Unarmed
rCold    . . .     Gourm    +   (no shield)
rNeg     . . .     Faith    .   b - +2 robe
rPois    .         Spirit   .   (helmet restricted)
rElec    .         Reflect  .   w - +0 cloak
rCorr    .         Harm     .   (gloves unavailable)
MR       .....     NoTele   +   (boots unavailable)
Stlth    ++++......             (no amulet)
Regen    0.7/turn               p - +3 ring of dexterity
MPRegen  0.2/turn               q - +3 ring of dexterity

@: serpent's lash
A: unfitting armour, claws 3, fast metabolism 3, gourmand, regeneration 1,
shaggy fur 1, tough skin 2
a: Serpent's Lash, Renounce Religion


You were in the Dungeon.
You worshipped Wu Jian.
Wu Jian was greatly pleased with you.
You were very full.

You visited 1 branch You collected 1280 gold pieces.

Inventory:

Missiles
 c - 3 large rocks (quivered)
Armour
 b - a +2 robe (worn)
 w - a +0 cloak (worn)
Jewellery
 p - a +3 ring of dexterity (left claw)
 q - a +3 ring of dexterity (right claw)
Wands
 o - a wand of lightning (7/15)
Scrolls
 k - 3 scrolls of blinking
 m - 5 scrolls of remove curse
 n - 2 scrolls of amnesia
 u - a scroll of fear
Potions
 e - 3 potions of curing
 h - 2 potions of haste
 i - 5 potions of magic
 j - a potion of brilliance
 l - a potion of invisibility
 r - a potion of might
 t - a potion of flight
Comestibles
 a - 4 chunks of flesh
 f - 14 bread rations
 s - 13 meat rations
 v - 40 fruits


   Skills:
 * Level 11.6 Fighting
 * Level 13.0 Throwing
 * Level 11.7 Dodging
 + Level 6.2 Stealth
 + Level 9.8 Unarmed Combat
 + Level 4.4 Evocations


You had 10 spell levels left.
You didn't know any spells.

Dungeon Overview and Level Annotations

Branches:
Dungeon (1/1)

Altars:
Cheibriados
Dithmenos
Elyvilon
Fedhas
Gozag
Hepliaklqana
Kikubaaqudgha
Makhleb
Nemelex Xobeh
Okawaru
Qazlal
Ru
Sif Muna
Trog
Uskayaw
Vehumet
Wu Jian
Xom
Yredelemnul
Zin
The Shining One
Beogh
Jiyva
Lugonu

Shops:
D =(


Innate Abilities, Weirdness & Mutations

You are too large for most types of armour.
You have claws for hands.
Your metabolism is lightning-fast.
You like to eat raw meat.
Your natural rate of healing is unusually fast.
You are covered in fur. (AC +1)
You have very tough skin. (AC +2)


Message History

Things that are here:
a dagger of venom; a robe
Things that are here:
a rapier; a leather armour
Things that are here:
a dire flail; a chain mail You attack the ettin from above.
You claw the ettin!
The ettin is lightly wounded.
The ettin hits you with a dire flail! The ettin hits you with a dire flail!!!
You have no room to wall jump.
Your muscles tense, ready for explosive movement...
You mangle the ettin!!
The ettin is heavily wounded.
The ettin closely misses you. x2
You mangle the ettin!!
The ettin is almost dead.
The ettin hits you with a dire flail!!!
* * * LOW HITPOINT WARNING * * *
The ettin hits you with a dire flail!!!
You die...

▓▓▓▓▓▓▓▓▓
▓...▓...▓
▓.▓.▓.▓)▓
▓'▓.▓.▓.▓
▓.▓.▓)▓C▓
▓.▓.▓'▓@▓
▓.▓.▓.▓.▓
▓.▓.▓.▓.▓
▓.▓.▓[▓.▓
▓)▓.▓[▓.▓
▓'▓.▓.▓.▓
▓.▓.▓[▓.▓
▓.▓.▓.▓.▓
▓.▓.▓.▓.▓


You could see an ettin.

Vanquished Creatures
  Josephine (D)
  An ogre mage (D)
  3 orc knights (D)
  A manticore (D)
  A lindwurm (D)
  An elephant (D)
  Joseph (D)
  A spiny frog (D)
  A komodo dragon (D)
  4 tyrant leeches (D)
  2 hippogriffs (D)
  A dream sheep (D)
  3 wraiths (D)
  3 yaks (D)
  A wyvern (D)
  Eustachio (D)
  A basilisk (D)
  2 water moccasins (D)
  A porcupine (D)
  9 orc warriors (D)
  A sky beast (D)
  A centaur (D)
  A big kobold (D)
  2 crocodiles (D)
  5 bullfrogs (D)
  4 orc wizards (D)
  2 jellies (D)
  4 orc priests (D)
  An iguana (D)
  A worker ant (D)
  3 worms (D)
  9 orcs (D)
  A giant cockroach (D)
  A hobgoblin (D)
  A quokka (D)
  2 bats (D)
  A quokka skeleton (D)
  A rat (D)
80 creatures vanquished.

Notes
Turn   | Place    | Note
-------+----------+-------------------------------------------
     0 | D        | Kidiri the Troll Hunter began the quest for the Orb.
     0 | D        | Reached XP level 1. HP: 19/19 MP: 0/0
    15 | D        | Reached skill level 1 in Unarmed Combat
    34 | D        | Noticed a worker ant
    40 | D        | Reached skill level 4 in Throwing
    47 | D        | Reached XP level 2. HP: 17/28 MP: 1/1
    52 | D        | Reached skill level 1 in Stealth
    55 | D        | Reached XP level 3. HP: 17/36 MP: 2/2
    66 | D        | Found a roughly hewn altar of Beogh.
    66 | D        | Found a snail-covered altar of Cheibriados.
    66 | D        | Found a shadowy altar of Dithmenos.
    66 | D        | Found a white marble altar of Elyvilon.
    66 | D        | Found a blossoming altar of Fedhas.
    66 | D        | Found an opulent altar of Gozag.
    67 | D        | Found a hazy altar of Hepliaklqana.
    68 | D        | Found a viscous altar of Jiyva.
    69 | D        | Found an ancient bone altar of Kikubaaqudgha.
    70 | D        | Found a corrupted altar of Lugonu.
    71 | D        | Found a burning altar of Makhleb.
    72 | D        | Found a sparkling altar of Nemelex Xobeh.
    73 | D        | Found an iron altar of Okawaru.
    74 | D        | Found a stormy altar of Qazlal.
    75 | D        | Found a sacrificial altar of Ru.
    76 | D        | Found a deep blue altar of Sif Muna.
    77 | D        | Found a bloodstained altar of Trog.
    78 | D        | Found a hide-covered altar of Uskayaw.
    79 | D        | Found a radiant altar of Vehumet.
    80 | D        | Found an ornate altar of the Wu Jian Council.
    81 | D        | Found a shimmering altar of Xom.
    82 | D        | Found a basalt altar of Yredelemnul.
    83 | D        | Found a glowing silver altar of Zin.
    84 | D        | Found a glowing golden altar of the Shining One.
    94 | D        | Became a worshipper of the Wu Jian Council
   117 | D        | Noticed a bullfrog
   121 | D        | Reached skill level 5 in Throwing
   125 | D        | Reached XP level 4. HP: 30/48 MP: 3/3
   127 | D        | Reached * piety under Wu Jian
   141 | D        | Killed a bullfrog
   141 | D        | Reached ** piety under Wu Jian
   141 | D        | Reached skill level 6 in Throwing
   141 | D        | Reached XP level 5. HP: 17/55 MP: 4/4
   294 | D        | Noticed a manticore
   294 | D        | Noticed a wyvern
   294 | D        | Noticed a sky beast
   294 | D        | Noticed a centaur
   300 | D        | Killed a centaur
   300 | D        | Reached skill level 5 in Fighting
   300 | D        | Reached skill level 5 in Dodging
   309 | D        | Reached skill level 7 in Throwing
   309 | D        | Reached XP level 6. HP: 59/67 MP: 5/5
   326 | D        | Killed a sky beast
   327 | D        | Reached *** piety under Wu Jian
   327 | D        | Reached skill level 5 in Unarmed Combat
   331 | D        | Killed a wyvern
   331 | D        | Reached skill level 8 in Throwing
   331 | D        | Reached XP level 7. HP: 58/76 MP: 6/6
   334 | D        | Killed a manticore
   334 | D        | Reached skill level 9 in Throwing
   334 | D        | Reached XP level 8. HP: 41/87 MP: 7/7
   524 | D        | Noticed a spiny frog
   524 | D        | Noticed a hippogriff
   528 | D        | Noticed a komodo dragon
   528 | D        | Reached **** piety under Wu Jian
   542 | D        | Killed a hippogriff
   553 | D        | Killed a spiny frog
   553 | D        | Reached skill level 10 in Throwing
   558 | D        | Reached ***** piety under Wu Jian
   558 | D        | Reached XP level 9. HP: 32/97 MP: 8/8
   561 | D        | Killed a komodo dragon
   679 | D        | Noticed an elephant
   696 | D        | Killed an elephant
   696 | D        | Reached skill level 1 in Evocations
   703 | D        | Reached skill level 11 in Throwing
   703 | D        | Reached skill level 5 in Stealth
   707 | D        | Reached skill level 10 in Dodging
   818 | D        | Noticed a tyrant leech
   818 | D        | Noticed a tyrant leech
   818 | D        | Noticed a lindwurm
   818 | D        | Noticed a tyrant leech
   825 | D        | Killed a tyrant leech
   825 | D        | Reached skill level 10 in Fighting
   825 | D        | Reached XP level 10. HP: 93/110 MP: 10/10
   829 | D        | Killed a lindwurm
  1069 | D        | Noticed Eustachio
  1075 | D        | Killed Eustachio
  1080 | D        | Noticed Josephine
  1146 | D        | Killed Josephine
  1146 | D        | Reached skill level 12 in Throwing
  1587 | D        | Noticed Joseph
  1590 | D        | Killed Joseph
  1691 | D        | Noticed an orc knight
  1704 | D        | Killed an orc knight
  1708 | D        | Noticed an orc knight
  1970 | D        | Reached XP level 11. HP: 120/120 MP: 11/13
  2038 | D        | Killed an orc knight
  2194 | D        | Noticed an orc knight
  2204 | D        | Killed an orc knight
  2307 | D        | Found Kameraup's Antique Weapon Boutique.
  2307 | D        | Noticed an iron troll
  2307 | D        | Noticed an ettin
  2307 | D        | Noticed an ogre mage
  2308 | D        | Noticed an ogre mage
  2310 | D        | Killed an ogre mage
  2310 | D        | Reached skill level 13 in Throwing
  2311 | D        | Found Xaumaefa's Jewellery Shop.
  2311 | D        | Noticed an ogre mage
  2425 | D        | Annihilated by an ettin

Vault maps used:
D:        linesprint

Skill      XL: |  1  2  3  4  5  6  7  8  9 10 11 |
---------------+----------------------------------+-----
Dodging        | 2 3 4 5 7 8 10 11 | 11.7
Unarmed Combat | 1 2 3 4 5 6 7 8 9 |  9.8
Fighting       | 2 3 4 5 6 7 8 10 11 | 11.6
Throwing       | 4 5 6 7 8 9 10 11 12 13 | 13.0
Stealth        | 1 2 3 4 5 6 |  6.2
Evocations     | 2 4 |  4.4

Action                   |  1- 3 |  4- 6 |  7- 9 | 10-12 || total
-------------------------+-------+-------+-------+-------++-------
Melee: Unarmed           |    37 |    44 |    63 |   149 ||   293
       Punch             |       |       |     3 |     6 ||     9
Throw: Large rock        |     3 |     5 |     4 |     7 ||    19
       Throwing net      |       |       |     2 |     1 ||     3
Invok: Serpent's Lash    |       |       |     2 |    17 ||    19
       Heavenly Storm    |       |       |     2 |     3 ||     5
  Use: Potion            |       |     1 |     3 |     6 ||    10
       Scroll            |       |       |     2 |       ||     2
 Stab: Sleeping          |     1 |       |     3 |     7 ||    11
       Held in net/web   |       |       |     1 |     2 ||     3
       Distracted        |       |       |       |     2 ||     2
  Eat: Chunk             |       |     8 |     5 |    14 ||    27
Armor: Robe              |     7 |    13 |     8 |     4 ||    32
Dodge: Dodged            |    16 |    19 |    29 |    42 ||   106
